 Dungeon Crawl Stone Soup version 0.27.1-33-g824d729ab1 (webtiles) character file.

Game seed: 17328799591793134452

10509 Karpo the Geomancer (level 11, -4/66 HPs)
             Began as a Gargoyle Earth Elementalist on Dec 28, 2021.
             Was a Believer of Vehumet.
             Slain by a raiju (7 damage)
             ... on level 2 of the Abyss.
             The game lasted 01:16:57 (16686 turns).

Karpo the Geomancer (Gargoyle Earth Elementalist)  Turns: 16686, Time: 01:16:58

Health: -4/66      AC: 14    Str: 10 (12) XL:     11   Next: 63%
Magic:  13/23      EV:  8    Int: 22 (25) God:    Vehumet [**....]
Gold:   570        SH:  0    Dex:  9 (10) Spells: 18/27 levels left

rFire    . . .     SeeInvis .   Y - +3 dire flail
rCold    + . .     Faith    .   (shield currently unavailable)
rNeg     + . .     Spirit   .   n - +0 acid dragon scales
rPois    ∞         Reflect  .   (no helmet)
rElec    +         Harm     .   (no cloak)
rCorr    +         Rampage  .   (no gloves)
Will     .....                  (no boots)
Stlth    +.........             (no amulet)
HPRegen  0.21/turn              h - +6 ring of intelligence
MPRegen  0.18/turn              N - ring of protection from cold

@: constricted, very slow
A: sickness immunity, AC +8, negative energy resistance 1, electricity
resistance, torment resistance 1, petrification resistance
a: Renounce Religion


You were on level 2 of the Abyss.
You worshipped Vehumet.
Vehumet was pleased with you.
You visited 2 branches of the dungeon, and saw 12 of its levels.
You visited the Abyss 1 time.

You collected 570 gold pieces.

Inventory:

Hand Weapons
 i - a +1 spear of venom
 j - a +2 dagger of holy wrath
 p - a +1 flail
 w - a +0 vorpal hand axe
 E - a +3 scimitar of flaming
 P - a +1 spear of venom
 R - a +0 halberd of flaming
 T - a +0 great sword
 U - a +0 rapier
 W - a +1 spear of freezing
 Y - a +3 dire flail (weapon)
 Z - a +3 halberd
Missiles
 c - 183 stones
 s - 50 bolts
 D - 6 atropa-tipped darts
Armour
 b - a +0 robe
 n - +0 acid dragon scales (worn)
 H - a +2 leather armour of positive energy
 Q - a +0 kite shield
Magical Staves
 t - a staff of conjuration
 G - a staff of death
Jewellery
 f - a ring of flight
 h - a +6 ring of intelligence (left hand)
 B - a ring of ice
 J - an amulet of faith
 N - a ring of protection from cold (right hand)
Wands
 k - a wand of digging (4)
 x - a wand of iceblast (21)
Scrolls
 m - a scroll of vulnerability {unknown}
 q - 2 scrolls of torment {unknown}
 r - a scroll of enchant armour
 u - a scroll of magic mapping {unknown}
 v - 2 scrolls of enchant weapon
 y - 4 scrolls of amnesia
 M - 2 scrolls of fog {unknown}
 O - a scroll of blinking
 S - a scroll of immolation {unknown}
 V - 2 scrolls of noise {unknown}
Potions
 a - 2 potions of curing
 d - 2 potions of mutation {unknown}
 e - 2 potions of invisibility
 l - 3 potions of heal wounds
 o - a potion of magic {unknown}
 z - 2 potions of lignification {unknown}
 A - 2 potions of attraction
 C - a potion of berserk rage {unknown}
 F - 3 potions of degeneration
 I - a potion of cancellation {unknown}
 K - a potion of flight {unknown}
 L - 3 potions of haste {unknown}
 X - a potion of ambrosia {unknown}


   Skills:
 + Level 6.4 Fighting
 + Level 5.8 Maces & Flails
 - Level 1.5 Dodging
 - Level 2.1 Stealth
 + Level 8.8 Spellcasting
 + Level 9.9 Conjurations
 - Level 0.7 Transmutations
 + Level 11.5 Earth Magic


You had 18 spell levels left.
You knew the following spells:

 Your Spells              Type           Power      Damage    Failure   Level
a - Sandblast             Erth           100%       2d20      1%          1
b - Stone Arrow           Conj/Erth      100%       3d13      1%          3
c - Lee's Rapid Deconstr  Erth           28%        3d16*     2%          5

Your spell library contained the following spells:

 Spells                   Type           Power      Damage    Failure   Level
 Ignite Poison            Fire/Tmut/Pois 10%        N/A       30%         3
 Passwall                 Tmut/Erth      30%        N/A       1%          2
 Petrify                  Tmut/Erth      36%        N/A       9%          4
 Animate Skeleton         Necr           18%        N/A       11%         1
 Pain                     Necr           36%        1d5       11%         1
 Leda's Liquefaction      Hex/Erth       17%        N/A       11%         4
 Call Canine Familiar     Summ           9%         N/A       32%         3
 Portal Projectile        Hex/Tloc       18%        N/A       32%         3
 Vampiric Draining        Necr           4%         2d6       32%         3


Dungeon Overview and Level Annotations

Branches:
Dungeon (11/15)            Temple (1/1) D:4
   Lair: D:8-11         Orc: D:9-12

Altars:
Ashenzari
Cheibriados
Dithmenos
Elyvilon
Fedhas
Hepliaklqana
Kikubaaqudgha
Makhleb
Nemelex Xobeh
Okawaru
Qazlal
Sif Muna
Trog
Uskayaw
Vehumet
Wu Jian
Xom
Yredelemnul
Zin
The Shining One
Beogh

Shops:
D:6 [*

Annotations:
D:10 Erolcha


Innate Abilities, Weirdness & Mutations

You are immune to sickness and miasma.
Your stone body is resilient. (AC +8)
You are immune to poison.
You resist negative energy. (rN+)
You are resistant to electric shocks. (rElec)
You are resistant to unholy torment.
You are immune to petrification.


Message History

You enter the shallow water.
Moving in this stuff is going to be slow.
The shadow hits you. The raiju closely misses you.
The hellwing swoops through the air toward you!
The hellwing barely misses you.
The hellwing hits you but does no damage.
The raiju closely misses you. The shadow closely misses you.
The raiju bursts into living lightning!
The living lightning hits you. You resist.
The raiju blinks!
The hellwing barely misses you. The hellwing hits you.
You closely miss the shadow. The raiju bites you but does no damage.
The shadow hits you. The raiju bites you but does no damage.
The raiju bursts into living lightning!
The living lightning misses you.
The living lightning hits the raiju.
The raiju completely resists.
The raiju blinks!
The hellwing hits you! The hellwing barely misses you.
You closely miss the raiju. The raiju bites you. The raiju shocks you.
You resist.
The raiju splashes around in the water.
The shadow hits you! The raiju bites you but does no damage.
The hellwing hits you.
* * * LOW HITPOINT WARNING * * *
The hellwing hits you.
* * * LOW HITPOINT WARNING * * *
You hit the raiju.
The raiju is lightly wounded.
The anaconda zombie grabs you.
The anaconda zombie bites you but does no damage.
The anaconda zombie constricts you. The raiju bites you but does no damage.
The shadow hits you.
* * * LOW HITPOINT WARNING * * *
The raiju splashes around in the water. x2; The anaconda zombie bites you.
* * * LOW HITPOINT WARNING * * *
The anaconda zombie constricts you. The hellwing closely misses you. x2
As you read the scroll labelled WEMOAT AROYQUSEF, it crumbles to dust.
It is a scroll of identify.
O - a scroll of blinking The anaconda zombie bites you but does no damage.
The anaconda zombie constricts you.
* * * LOW HITPOINT WARNING * * *
The raiju bites you!
You die...

#. #. # . .
#.##. #. ##
....###. #.#.
.≈..4. #....
..###.#s##
#...
#....h4Z##...#
#≈≈≈W@h..##
#≈≈≈h≈#.≈.#
#≈≈≈≈h#.#.##
#≈≈≈≈≈##..†##
##.###.##.#.#
#. # ###.# # #
. # #..# ..
#.# .## #.
####.#


You could see a demonic crawler, an orange demon, a hellwing, 4 raiju, a shadow
and an anaconda zombie.

Vanquished Creatures
  A hydra (D:9)
  A boulder beetle (D:9)
  A two-headed ogre (D:9)
  Pikel (D:6)
  An efreet (Abyss:2)
  Prince Ribbit (D:7)
  A raiju (Abyss:2)
  A vampire (D:10)
  2 wyverns (D:9)
  10 yaks
  Eustachio (D:6)
  Menkaure (D:4)
  An acid dragon (D:10)
  2 water moccasins
  Duvessa (D:6)
  8 orc warriors
  2 sky beasts (D:7)
  2 black bears (D:6)
  An ice beast (D:6)
  5 centaurs
  2 necrophages
  A kobold brigand (D:10)
  2 bullfrogs
  A wyvern zombie (D:7)
  2 gnoll sergeants (D:6)
  2 scorpions (D:7)
  Dowan (D:6)
  6 killer bees (D:9)
  4 wights (D:7)
  2 howler monkeys
  A bullfrog zombie (D:7)
  3 jellies
  3 centaur zombies
  2 gnoll shamans (D:7)
  2 centaur skeletons (D:7)
  2 hounds
  3 orc priests
  Terence (D:3)
  5 iguanas
  4 orc wizards
  A killer bee zombie (D:8)
  A howler monkey zombie (D:7)
  12 gnolls
  11 adders
  2 white imps (D:7)
  An ufetubus (D:4)
  2 worms
  4 dart slugs
  32 orcs
  3 bats
  11 endoplasms
  6 giant cockroaches
  5 goblins
  5 hobgoblins
  6 jackals
  14 kobolds
  4 quokkas
  9 ball pythons
  4 frilled lizards
  4 rats
230 creatures vanquished.

Vanquished Creatures (collateral kills)
  A draconian shifter (Abyss:2)
1 creature vanquished.

Vanquished Creatures (others)
  A bullfrog skeleton (D:5)
  A small abomination (Abyss:2)
  2 lurking horrors (Abyss:2)
4 creatures vanquished.

Grand Total: 235 creatures vanquished

Notes
Turn   | Place    | Note
-------+----------+-------------------------------------------
     0 | D:1      | Karpo the Gargoyle Earth Elementalist began the quest for
                  | the Orb.
     0 | D:1      | Reached XP level 1. HP: 10/10 MP: 3/3
   261 | D:1      | Reached skill level 4 in Earth Magic
   261 | D:1      | Reached XP level 2. HP: 10/15 MP: 5/5
  1079 | D:1      | Reached XP level 3. HP: 19/19 MP: 6/6
  1083 | D:1      | Learned a level 3 spell: Stone Arrow
  2130 | D:2      | Reached skill level 1 in Conjurations
  2444 | D:2      | Reached XP level 4. HP: 3/24 MP: 6/8
  3073 | D:2      | Found a stormy altar of Qazlal.
  3759 | D:4      | Noticed Menkaure
  4069 | D:3      | Noticed Terence
  4482 | D:4      | Reached skill level 5 in Earth Magic
  4583 | D:4      | Reached XP level 5. HP: 28/28 MP: 3/10
  4709 | D:4      | Killed Menkaure
  4710 | D:4      | Reached XP level 6. HP: 32/32 MP: 6/11
  5147 | D:5      | Entered Level 5 of the Dungeon
  5147 | D:5      | Noticed a necrophage
  5581 | D:3      | Killed Terence
  5910 | D:4      | Found a staircase to the Ecumenical Temple.
  5933 | Temple   | Entered the Ecumenical Temple
  6143 | D:4      | Reached skill level 6 in Earth Magic
  6278 | D:5      | Found a broken altar of Ashenzari.
  6747 | D:5      | Reached XP level 7. HP: 36/36 MP: 11/13
  6753 | D:5      | Learned a level 5 spell: Lee's Rapid Deconstruction
  7941 | D:6      | Noticed Duvessa
  7951 | D:6      | Killed Duvessa
  7952 | D:6      | Reached skill level 7 in Earth Magic
  7952 | D:6      | Noticed Dowan
  7985 | D:6      | Killed Dowan
  7986 | D:6      | Reached skill level 5 in Spellcasting
  8104 | D:6      | Noticed Pikel
  8108 | D:6      | Killed Pikel
  8109 | D:6      | Reached skill level 5 in Conjurations
  8109 | D:6      | Reached XP level 8. HP: 41/41 MP: 5/16
  8201 | D:6      | Found Itruigh's Assorted Antiques.
  8640 | D:6      | Reached skill level 8 in Earth Magic
  9216 | D:6      | Reached XP level 9. HP: 45/45 MP: 12/18
  9495 | D:6      | Found Azeist's Armour Shop.
  9529 | D:6      | Noticed Eustachio
  9688 | D:6      | Reached skill level 9 in Earth Magic
  9771 | D:6      | Killed Eustachio
  9928 | D:6      | Found a shimmering altar of Xom.
  9930 | D:6      | Found a radiant altar of Vehumet.
  9933 | D:6      | Became a worshipper of Vehumet
 10386 | D:7      | Found an ornate altar of the Wu Jian Council.
 10463 | D:7      | Noticed Prince Ribbit
 10522 | D:7      | Reached skill level 1 in Fighting
 10522 | D:7      | Reached skill level 1 in Maces & Flails
 10610 | D:7      | Killed Prince Ribbit
 11199 | D:7      | Reached * piety under Vehumet
 11199 | D:7      | Offered knowledge of Freeze by Vehumet.
 11200 | D:7      | Reached XP level 10. HP: 55/55 MP: 12/20
 11700 | D:8      | Reached skill level 10 in Earth Magic
 12120 | D:8      | Found a hazy altar of Hepliaklqana.
 12140 | D:8      | Found a shadowy altar of Dithmenos.
 12229 | D:7      | Identified the +8 short sword of Hacking and Slashing
                  | {venom, *Corrode rC+ Int+2}
 12458 | D:8      | Found a bloodstained altar of Trog.
 12848 | D:8      | Reached ** piety under Vehumet
 12848 | D:8      | Offered knowledge of Poisonous Vapours by Vehumet.
 13684 | D:10     | Entered Level 10 of the Dungeon
 13779 | D:9      | Noticed a two-headed ogre
 13783 | D:9      | Killed a two-headed ogre
 13864 | D:9      | Noticed a boulder beetle
 13876 | D:9      | Killed a boulder beetle
 13877 | D:9      | Reached skill level 5 in Fighting
 13877 | D:9      | Reached XP level 11. HP: 63/63 MP: 9/23
 14047 | D:8      | Reached skill level 11 in Earth Magic
 14117 | D:9      | Reached skill level 5 in Maces & Flails
 14688 | D:9      | Identified the +3 flail of Gidumucs {flame, +Rage rElec}
 14688 | D:9      | Noticed a centaur warrior
 15179 | D:9      | Noticed a six-headed hydra
 15191 | D:9      | Killed a six-headed hydra
 15215 | D:9      | Offered knowledge of Ignite Poison by Vehumet.
 16183 | D:10     | Noticed Erolcha
 16251 | D:10     | Cast into level 2 of the Abyss (Erolcha)
 16258 | Abyss:2  | Found a corrupted altar of Lugonu.
 16311 | Abyss:2  | Noticed a black draconian shifter
 16371 | Abyss:2  | Killed a black draconian shifter
 16686 | Abyss:2  | HP: 3/66 [constriction (2)]
 16686 | Abyss:2  | Slain by a raiju

Illustrated notes

Levels and vault maps discovered:
D:1:      psy_arrival_conway, layout_basic, hangedman_decor_opposing,
          minmay_worlds_worst_comb
D:2:      layout_basic, basic_altar
D:3:      layout_loops_ring, gammafunk_ghost_grave, uniq_terence
D:4:      layout_rooms, minmay_temple_entry_trees, uniq_menkaure
D:5:      layout_loops_ring, mainiacjoe_overflow_catwalk, lemuel_old_faithful
D:6:      layout_loops_ring, minitemple, serial_shops, shop,
          nicolae_shop_waterfront, sword_in_stone, uniq_duvessa, uniq_pikel
D:7:      layout_rooms, mainiacjoe_overflow_tiny_flanked, serial_curves,
          eino_curves_04, eino_curves_03, hangedman_minor_gate_pass,
          uniq_prince_ribbit1
D:8:      layout_gridville, mainiacjoe_overflow_alcove_2,
          nicolae_dithmenos_shadow_blocks, overflow_temple_1_default,
          special_room [special_room_orc], chequers_serial_rivers_large_a
D:9:      layout_cave_pods, minmay_diamond_spiral
D:10:     layout_loops_ring, mainiacjoe_overflow_alcove_4, kennysheep_mini_moat,
          uniq_erolcha, uniq_snorg
D:11:     layout_big_octagon, dpeg_lair_monsters, nicolae_shop_self_help
Temple:   dshaligram_water_room_temple
Abyss:2:  base: D:6, evilmike_abyss_exit_mutagenic, abyss_furniture_001

Skill      XL: |  1  2  3  4  5  6  7  8  9 10 11 |
---------------+----------------------------------+-----
Earth Magic    | 4 5 6 7 8 9 10 11 | 11.5
Conjurations   | 1 2 3 5 6 8 9 |  9.9
Spellcasting   | 3 4 5 6 7 8 |  8.8
Fighting       | 2 5 6 |  6.4
Maces & Flails | 2 4 5 |  5.8
Dodging        | |  1.5
Stealth        | |  2.1
Transmutations | |  0.7

Action                   |  1- 3 |  4- 6 |  7- 9 | 10-12 || total
-------------------------+-------+-------+-------+-------++-------
Melee: Club              |    26 |       |       |       ||    26
       Unarmed           |     1 |       |       |       ||     1
       Short sword       |    59 |       |       |       ||    59
       Quarterstaff      |    37 |    53 |       |       ||    90
       Staff             |       |   155 |    73 |       ||   228
       Flail             |       |       |    22 |    12 ||    34
       Dire flail        |       |       |       |   150 ||   150
 Cast: Sandblast         |     8 |    40 |    51 |    31 ||   130
       Stone Arrow       |       |     5 |    43 |    83 ||   131
       Lee's Rapid Decon |       |       |     8 |     9 ||    17
  Use: Scroll            |       |       |     3 |     8 ||    11
       Potion            |       |       |     1 |     5 ||     6
 Stab: Sleeping          |     4 |     1 |       |     1 ||     6
Armor: Robe              |    49 |    86 |    47 |    54 ||   236
       Acid dragon scale |       |       |       |    26 ||    26
Dodge: Dodged            |    94 |   165 |    89 |   134 ||   482
